 Dungeon Crawl Stone Soup version 0.26.0-10-g1f06aea511 (webtiles) character file.

Game seed: 10373829984363855068

597 Arum the Shield-Bearer (level 7, -5/56 HPs)
             Began as a Formicid Fighter on Jan 15, 2021.
             Slain by a mummy (9 damage)
             ... in an ossuary.
             The game lasted 00:05:44 (3631 turns).

Arum the Shield-Bearer (Formicid Fighter)           Turns: 3631, Time: 00:05:46

Health: -5/56      AC:  7    Str: 22    XL:     7   Next: 68%
Magic:  7/7        EV:  8    Int:  8    God:
Gold:   191        SH: 10    Dex: 10    Spells: 6/6 levels left

rFire    . . .     SeeInvis +   a - +0 quarterstaff
rCold    . . .     Faith    .   c - +0 kite shield
rNeg     . . .     Spirit   .   b - +0 scale mail
rPois    .         Reflect  .   (helmet unavailable)
rElec    .         Harm     .   (no cloak)
rCorr    .         Rampage  .   (no gloves)
Will     .....                  (no boots)
Stlth    ..........             (no amulet)
HPRegen  0.18/turn              (no ring)
MPRegen  0.10/turn              (no ring)

@: attractive, flying
A: permanent stasis, dig shafts and tunnels, four strong arms, antennae 3
a: Dig


You were in an ossuary.
You visited 1 branch of the dungeon, and saw 4 of its levels.
You also visited: Ossuary.

You collected 191 gold pieces.

Inventory:

Hand Weapons
 a - a +0 quarterstaff (weapon)
Armour
 b - a +0 scale mail (worn)
 c - a +0 kite shield (worn)
Wands
 s - a wand of flame (23)
Scrolls
 i - 3 scrolls of identify {unknown}
 k - a scroll of immolation {unknown}
 l - a scroll of remove curse {unknown}
 o - a scroll of random uselessness {unknown}
 q - a scroll of teleportation {unknown}
Potions
 d - a potion of might
 e - a potion of mutation {unknown}
 f - a potion of flight
 h - a potion of heal wounds {unknown}
 j - a potion of attraction
 m - 2 potions of invisibility {unknown}
 n - a potion of cancellation {unknown}
 p - a potion of ambrosia {unknown}
 r - a potion of magic {unknown}
 t - 2 potions of degeneration {unknown}
 u - a potion of haste {unknown}
 v - a potion of brilliance {unknown}


   Skills:
 + Level 5.5 Fighting
 + Level 4.3 Staves
 - Level 5.0 Armour
 + Level 6.0 Shields


You had 6 spell levels left.
You didn't know any spells.
Your spell library was empty.

Dungeon Overview and Level Annotations

Branches:
Dungeon (4/15)            Ossuary (1/1)
 Temple: D:4-7

Altars:
Elyvilon


Innate Abilities, Weirdness & Mutations

You cannot be hasted, slowed, berserked, paralysed or teleported.
You can dig through walls and to a lower floor.
Your four strong arms can wield two-handed weapons with a shield.
You have a pair of large antennae on your head. (SInv)


Message History

It was a potion of curing.
You feel better. The big kobold zombie hits you.
* * * LOW HITPOINT WARNING * * *
The mummy hits you.
* * * LOW HITPOINT WARNING * * *
It was a potion of flight.
You feel very buoyant.
You fly up into the air.
The big kobold zombie hits you but does no damage.
You block the mummy's attack.
You feel better. You block the mummy's attack.
The big kobold zombie hits you but does no damage.
You feel better. The mummy hits you!
* * * LOW HITPOINT WARNING * * *
It was a potion of attraction.
You feel attractive to monsters.
The big kobold zombie hits you but does no damage.
The mummy hits you.
* * * LOW HITPOINT WARNING * * *
The mummy hits you!
You die...

#....#
#....#
#....#
#....#
#....#
#....#
#....#
#MZ..#
#@M∩.#
######


You could see 2 mummies and a big kobold zombie.

Vanquished Creatures
  Sigmund (D:3)
  A vampire bat (D:3)
  A bullfrog skeleton (D:4)
  A hound (D:4)
  Jessica (D:3)
  A worker ant (D:4)
  2 mummies (Ossuary)
  6 adders
  An ufetubus (D:3)
  An ooze (D:1)
  2 dart slugs (D:1)
  3 fire bats (D:3)
  3 worms
  4 leopard geckos
  2 orcs (D:4)
  2 spectral bats (D:3)
  2 ball pythons
  3 bat skeletons (D:3)
  A bat zombie (D:3)
  15 giant cockroaches
  8 goblins
  9 hobgoblins
  14 jackals
  15 bats
  A bat simulacrum (D:3)
  6 frilled lizards
  A gnoll zombie (Ossuary)
  8 kobolds
  3 kobold zombies (Ossuary)
  2 orc zombies (Ossuary)
  A quokka skeleton (D:4)
  9 rats
130 creatures vanquished.

Notes
Turn   | Place    | Note
-------+----------+-------------------------------------------
     0 | D:1      | Arum the Formicid Fighter began the quest for the Orb.
     0 | D:1      | Reached XP level 1. HP: 18/18 MP: 1/1
   300 | D:1      | Reached XP level 2. HP: 21/24 MP: 2/2
   484 | D:1      | Reached XP level 3. HP: 27/29 MP: 3/3
   489 | D:1      | Reached skill level 4 in Shields
   757 | D:1      | Reached XP level 4. HP: 37/37 MP: 4/4
  1368 | D:2      | Reached XP level 5. HP: 24/42 MP: 5/5
  1781 | D:3      | Noticed Jessica
  1791 | D:3      | Killed Jessica
  1797 | D:3      | Noticed Sigmund
  1983 | D:3      | Killed Sigmund
  1984 | D:3      | Reached skill level 5 in Shields
  1984 | D:3      | Reached XP level 6. HP: 29/49 MP: 6/6
  2528 | D:3      | Reached XP level 7. HP: 37/55 MP: 7/7
  2618 | D:3      | Reached skill level 5 in Fighting
  2618 | D:3      | Reached skill level 5 in Armour
  2970 | D:3      | Found a white marble altar of Elyvilon.
  3552 | D:4      | Found a sand-covered staircase.
  3561 | Ossuary  | Entered an ossuary
  3623 | Ossuary  | Reached skill level 6 in Shields
  3627 | Ossuary  | HP: 2/56 [mummy (6)]
  3631 | Ossuary  | Slain by a mummy

Illustrated notes

Levels and vault maps discovered:
D:1:      nagdon_arrival_zigzag_paths, layout_basic
D:2:      minmay_general_purpose_star, layout_basic, hex_medium
D:3:      minmay_roachtagon, layout_basic, elyvilon_altar_5, goddamned_bats,
          uniq_jessica, uniq_sigmund
D:4:      layout_basic, enter_ossuary_1, gammafunk_ghost_nasty_kobolds
Ossuary:  ossuary_tomb_3

Skill      XL: |  1  2  3  4  5  6  7 |
---------------+----------------------+-----
Shields        | 4 5 6 |  6.0
Armour         | 4 5 |  5.0
Fighting       | 4 5 |  5.5
Staves         | 3 4 |  4.3

Action                   |  1- 3 |  4- 6 |  7- 9 || total
-------------------------+-------+-------+-------++-------
Melee: Quarterstaff      |   106 |   222 |   149 ||   477
  Use: Potion            |       |       |     5 ||     5
Armor: Scale mail        |    35 |   142 |    63 ||   240
Dodge: Dodged            |    27 |    87 |    54 ||   168
Block: Kite shield       |    61 |   171 |   101 ||   333
